 Dungeon Crawl Stone Soup version 0.31-a0-865-g3d5d91748a (webtiles) character file.

Game seed: 4277330311988069863

2818 senseless the Covert (level 9, -8/62 HPs)
             Began as an Octopode Shapeshifter on Oct 10, 2023.
             Was a High Priest of Okawaru.
             Mangled by Grum
             ... wielding a -2 spear
              (17 damage)
             ... on level 8 of the Dungeon.
             The game lasted 00:18:34 (6637 turns).

senseless the Covert (Octopode Shapeshifter)        Turns: 6637, Time: 00:18:35

Health: -8/62      AC:  1    Str: 14    XL:     9   Next: 72%
Magic:  9/9        EV: 21    Int: 12    God:    Okawaru [*****.]
Gold:   293        SH:  0    Dex: 15    Spells: 8/8 levels left

rFire   . . .        a - +8 short sword (flame)
rCold   + . .        (no shield)
rNeg    . . .        (helmet currently unavailable)
rPois   +            (no amulet)
rElec   .            j - +5 ring of evasion
rCorr   .            l - ring of poison resistance
SInv    .            k - ring of protection from cold
Will    .....        (no ring)
Stlth   +++++        (no ring)
HPRegen 0.30/turn    (no ring)
MPRegen 0.11/turn    (no ring)
                     (no ring)

%: no passive effects
@: beast-form, studying Stealth
A: beast (slay +3), almost no armour, amphibious, 8 rings, camouflage 1,
gelatinous body 1, (nimble swimmer 1), tentacles
a: Begin Untransformation, Renounce Religion, Heroism, Finesse, Duel


You were on level 8 of the Dungeon.
You worshipped Okawaru.
Okawaru was extremely pleased with you.
You were a hulking beast.
You visited 1 branch of the dungeon, and saw 8 of its levels.

You collected 293 gold pieces.

Inventory:

Hand Weapons
 a - a +8 short sword of flaming (weapon)
Missiles
 m - a throwing net
Armour
 g - the +0 mask of the Dragon {Will+ Slay+3 SInv}
   (You acquired it on level 5 of the Dungeon)

   Slay+3:    It affects your accuracy & damage with ranged weapons and melee
   (+3).
   Will+:     It increases your willpower.
   SInv:      It lets you see invisible.
Jewellery
 j - a +5 ring of evasion (left tentacle)
 k - a ring of protection from cold (on tentacle)
 l - a ring of poison resistance (right tentacle)
Talismans
 b - a beast talisman (active)
 c - a flux talisman
 n - a maw talisman
 r - a blade talisman
Wands
 o - a wand of polymorph (11)
 u - a wand of paralysis (11)
Scrolls
 d - 3 scrolls of identify
 f - 5 scrolls of teleportation
 p - a scroll of fog
 q - 3 scrolls of silence
 t - a scroll of poison
Potions
 e - 3 potions of haste
 h - 3 potions of lignification
 s - a potion of mutation
 v - a potion of invisibility
 w - a potion of enlightenment


   Skills:
 + Level 5.8 Fighting
 + Level 6.2 Dodging
 + Level 10.1 Stealth
 + Level 6.5 Unarmed Combat
 + Level 6.1 Shapeshifting


You had 8 spell levels left.
You didn't know any spells.
Your spell library contained the following spells:

 Spells                   Type           Power      Damage    Failure   Level
 Sting                    Tmut/Pois      0%         1d3       32%         1
 Poisonous Vapours        Pois/Air       0%         N/A       45%         2
 Inner Flame              Hex/Fire       0%         N/A       69%         3
 Olgreb's Toxic Radiance  Pois           0%         N/A       97%         4
 Passage of Golubria      Tloc           0%         N/A       97%         4
 Iskenderun's Battlesphe  Conj           0%         2d6       100%        5
 Yara's Violent Unravell  Hex/Tmut       0%         3d3       100%        5
 Bombard                  Conj/Erth      0%         9d1       100%        6
 Enfeeble                 Hex            0%         N/A       100%        7
 Tukima's Dance           Hex            Unusable   N/A       N/A         3
 Summon Ice Beast         Ice/Summ       Unusable   N/A       N/A         4
 Summon Mana Viper        Hex/Summ       Unusable   N/A       N/A         5
 Monstrous Menagerie      Summ           Unusable   N/A       N/A         7
 Spellforged Servitor     Conj/Summ      Unusable   N/A       N/A         7

Dungeon Overview and Level Annotations

Branches:
Dungeon (8/15)             Temple (0/1) D:6
   Lair: D:8-11

Altars:
Ashenzari
Dithmenos
Fedhas
Hepliaklqana
Okawaru
Qazlal
Vehumet
Wu Jian
The Shining One

Annotations:
D:8 Grum


Innate Abilities, Weirdness & Mutations

You are a hulking beast.
Your limbs bulge with bestial killing power. (Slay +3)
You cannot wear most types of armour.
You are amphibious.
You can wear up to eight rings at the same time.
Your skin changes colour to match your surroundings (Stealth+).
Your rubbery body absorbs attacks. (AC +1, EV +1)
((You are camouflaged when in or above water. (Stealth+)))
You have tentacles for arms and can constrict up to eight enemies at once.


Message History

Your grab misses the wolf. The wolf misses you. The wolf closely misses you.
The wolf bites you! x2
You puncture the wolf! You burn the wolf. Your grab misses the wolf.
The wolf is moderately wounded.
The wolf completely misses you. The wolf barely misses you.
You barely miss the wolf. You grab the wolf.
The wolf is moderately wounded.
You constrict the wolf, but do no damage.
The wolf closely misses you. The wolf completely misses you.
The wolf closely misses you. The wolf barely misses you.
You hit the wolf. You burn the wolf. You squeeze the wolf.
The wolf is almost dead.
You constrict the wolf. The wolf closely misses you. The wolf misses you. x2
The wolf bites you! Grum barely misses you.
You hit the wolf. You burn the wolf.
You kill the wolf!
Okawaru accepts your kill. The wolf bites you! Grum misses you.
You are too injured to fight recklessly!
You are too injured to fight recklessly!
You are too injured to fight recklessly!
You are too injured to fight recklessly!
You are too injured to fight recklessly!
You are too injured to fight recklessly!
You are too injured to fight recklessly!
You are too injured to fight recklessly!
You are too injured to fight recklessly!
You are too injured to fight recklessly!
You are too injured to fight recklessly!
You are too injured to fight recklessly!
You are too injured to fight recklessly!
The wolf bites you. The wolf closely misses you. Grum completely misses you.
You hit Grum but do no damage. Your grab misses Grum. The wolf bites you!
The wolf bites you.
* * * LOW HITPOINT WARNING * * *
Grum hits you with a -2 spear!
* * * LOW HITPOINT WARNING * * *
You feel better. The wolf closely misses you. x2
Grum hits you with a -2 spear!
You die...

...## . ....## §≈ ....#
######...≈≈.. #..##
######...#........##...#
.........#.............#
.........#..♣♣.._.......
#.....g##..♣♣.....##..#
#.hh#.........##..#
###..#....≈≈.....##
##.#....≈≈.....#
##.#.........###
##.##.....####.
##..##.#####..
##.........##
###......## #####.##


You could see Grum and a wolf.

Vanquished Creatures
  Grinder (D:3)
  Prince Ribbit (D:8)
  A steam dragon (D:6)
  Duvessa (D:4)
  An ice beast (D:7)
  An orc warrior (D:7)
  2 ogres
  3 wolves (D:8)
  3 centaurs
  A gnoll sergeant (D:5)
  3 scorpions
  Dowan (D:4)
  A crimson imp (D:5)
  6 hounds
  2 gnoll boudas
  A jelly (D:4)
  5 orc priests
  Terence (D:2)
  6 orc wizards
  3 iguanas
  7 adders
  15 gnolls
  A shadow imp (D:6)
  3 white imps (D:5)
  3 ufetubi
  4 worms
  3 dart slugs
  25 orcs
  6 endoplasms
  3 giant cockroaches
  8 hobgoblins
  4 quokkas
  11 ball pythons
  5 bats
  7 frilled lizards
  8 goblins
  10 kobolds
  6 rats
173 creatures vanquished.

Notes
Turn   | Place    | Note
-------+----------+-------------------------------------------
     0 | D:1      | senseless the Octopode Shapeshifter began the quest for the
                  | Orb.
     0 | D:1      | Reached XP level 1. HP: 13/13 MP: 1/1
    72 | D:1      | Reached XP level 2. HP: 10/18 MP: 2/2
    80 | D:1      | Reached skill level 1 in Stealth
   332 | D:1      | Reached XP level 3. HP: 2/23 MP: 3/3
   936 | D:2      | Noticed Terence
   942 | D:2      | Found a faded altar of an unknown god.
   949 | D:2      | Prayed at the altar of an unknown god.
   949 | D:2      | Became a worshipper of Warmaster Okawaru
   949 | D:2      | Reached * piety under Okawaru
  1179 | D:2      | Reached XP level 4. HP: 25/29 MP: 1/4
  1245 | D:2      | Reached skill level 2 in Stealth
  1356 | D:2      | Killed Terence
  1598 | D:3      | Noticed Grinder
  1600 | D:3      | Paralysed by Grinder for 3 turns
  1615 | D:3      | Paralysed by Grinder for 3 turns
  1620 | D:3      | Killed Grinder
  1620 | D:3      | Reached ** piety under Okawaru
  1621 | D:3      | Reached skill level 3 in Stealth
  1621 | D:3      | Reached XP level 5. HP: 32/35 MP: 5/5
  1621 | D:3      | Reached XP level 6. HP: 38/41 MP: 6/6
  1731 | D:3      | Found a shadowy altar of Dithmenos.
  1818 | D:3      | Found a blossoming altar of Fedhas.
  1935 | D:3      | Identified the +0 scale mail of the Blacksmith {rPois
                  | Dex+3}
  2166 | D:4      | Reached skill level 4 in Stealth
  2182 | D:3      | Reached XP level 7. HP: 41/46 MP: 7/7
  2270 | D:4      | Found a hazy altar of Hepliaklqana.
  2336 | D:4      | Noticed Duvessa
  2336 | D:4      | Noticed Dowan
  2347 | D:4      | Killed Dowan
  2463 | D:4      | Killed Duvessa
  2463 | D:4      | Reached *** piety under Okawaru
  2712 | D:4      | Reached skill level 5 in Stealth
  2732 | D:5      | Entered Level 5 of the Dungeon
  3086 | D:4      | Reached XP level 8. HP: 54/54 MP: 8/8
  3477 | D:5      | Identified 3 scrolls of acquirement
  3477 | D:5      | Acquired a manual of Stealth
  3479 | D:5      | Acquired the +0 mask of the Dragon {Will+ Slay+3 SInv}
  3479 | D:5      | Found the +0 mask of the Dragon {Will+ Slay+3 SInv}
  3483 | D:5      | Acquired a ring of protection from cold
  3529 | D:5      | Reached skill level 5 in Unarmed Combat
  3697 | D:5      | Reached skill level 6 in Stealth
  3858 | D:5      | Reached skill level 5 in Shapeshifting
  4105 | D:5      | Reached skill level 5 in Dodging
  4111 | D:5      | Reached skill level 7 in Stealth
  4190 | D:5      | Reached **** piety under Okawaru
  4473 | D:6      | Found a staircase to the Ecumenical Temple.
  4490 | D:6      | Reached skill level 8 in Stealth
  4490 | D:6      | Reached XP level 9. HP: 27/60 MP: 9/9
  4647 | D:6      | Found a glowing golden altar of the Shining One.
  4650 | D:6      | Found an iron altar of Okawaru.
  4664 | D:6      | Found a broken altar of Ashenzari.
  4667 | D:6      | Found a radiant altar of Vehumet.
  4699 | D:6      | Reached skill level 5 in Fighting
  5628 | D:7      | Reached skill level 9 in Stealth
  6102 | D:7      | Found a stormy altar of Qazlal.
  6487 | D:8      | Noticed Prince Ribbit
  6497 | D:8      | Killed Prince Ribbit
  6497 | D:8      | Reached ***** piety under Okawaru
  6595 | D:8      | Found an ornate altar of the Wu Jian Council.
  6624 | D:8      | Noticed Grum
  6630 | D:8      | Reached skill level 10 in Stealth
  6636 | D:8      | HP: 2/62 [Grum/-2 spear (15)]
  6637 | D:8      | Mangled by Grum

Illustrated notes

Levels and vault maps discovered:
D:1:      psy_arrival_statuary, layout_basic, chequers_hall_statues_wall_a
D:2:      layout_basic, nicolae_ecumenical_pavilion, uniq_terence
D:3:      layout_rooms, mainiacjoe_overflow_paths,
          nicolae_dithmenos_the_darkroom, eino_tiny_chamber,
          minmay_misc_feat_cross, uniq_grinder
D:4:      layout_loops_cross, mainiacjoe_overflow_cross_hatched, uniq_duvessa
D:5:      layout_loops_ring, serial_bayou_ford_a, grunt_ministairs_13,
          nrook_mini_vaults, minmay_fire_ice_demons
D:6:      layout_rooms, grunt_temple_overflow_cloverleaf,
          minmay_temple_entry_antechambers
D:7:      layout_gridville, lemuel_tele_altar
D:8:      layout_layer_cave, nicolae_wu_jian_wuxing_cycle,
          mainiacjoe_overflow_brackets, elyvilon_altar_1, serial_shops,
          nicolae_shop_behind_doors, uniq_prince_ribbit1, uniq_grum

Skill      XL: |  1  2  3  4  5  6  7  8  9 |
---------------+----------------------------+-----
Stealth        | 1 3 4 5 8 10 | 10.1
Fighting       | 2 3 4 5 |  5.8
Dodging        | 3 4 5 6 |  6.2
Unarmed Combat | 4 5 6 |  6.5
Shapeshifting  | 4 5 6 |  6.1

Action                     |  1- 3 |  4- 6 |  7- 9 || total
---------------------------+-------+-------+-------++-------
  Melee: Unarmed           |    69 |    75 |    28 ||   172
         Constrict         |     9 |    14 |    53 ||    76
         Tentacles         |     6 |    14 |    43 ||    63
         Punch             |     1 |     1 |     8 ||    10
         Short sword       |       |       |   188 ||   188
 Invoke: Heroism           |     1 |     1 |       ||     2
    Use: Potion            |       |     1 |     4 ||     5
         Scroll            |       |       |    15 ||    15
   Stab: Sleeping          |     8 |     6 |    17 ||    31
         Invisible         |       |       |     1 ||     1
         Distracted        |       |       |     1 ||     1
 Armour: Skin              |    29 |    33 |   103 ||   165
  Dodge: Dodged            |    25 |    39 |   213 ||   277

Table legend: (Time is in decaauts)
 A = Elapsed time spent in this place.
 B = Non-inter-level travel time spent in this place.
 C = Inter-level travel time spent in this place.
 D = Time resting spent in this place.
 E = Time spent auto-exploring this place.
 F = Levels seen in this place.
 G = Mean time per level.
                   A        B        C        D        E       F      G
               +--------+--------+--------+--------+--------+-----+--------+
         Total |   6627 |   6471 |    156 |    856 |   4532 |   8 |  828.4 |
       Dungeon |   6627 |   6471 |    156 |    856 |   4532 |   8 |  828.4 |
               +--------+--------+--------+--------+--------+-----+--------+

Top non-repeatable levels by time:
     D:5: 1238 daAuts
     D:7: 1170 daAuts
     D:4: 1037 daAuts
     D:1: 914 daAuts
     D:6: 842 daAuts
     D:3: 661 daAuts
     D:2: 613 daAuts
     D:8: 149 daAuts
